 Dungeon Crawl Stone Soup version 0.25-a0-317-g5f8687bca5 (webtiles) character file.

Game seed: 3176340029500866756, levelgen mode: deterministic

4400 ANON1729 the Geomancer (level 10, -5/56 HPs)
             Began as an Octopode Earth Elementalist on Dec 27, 2019.
             Slain by a killer bee (10 damage)
             ... on level 9 of the Dungeon.
             The game lasted 00:26:27 (9804 turns).

ANON1729 the Geomancer (OpEE)                       Turns: 9804, Time: 00:26:27

Health: -5/56      AC:  1    Str: 12    XL:     10   Next: 35%
Magic:  0/18       EV: 17    Int: 18    God:
Gold:   165        SH:  0    Dex: 16    Spells: 4/19 levels left

rFire    . . .     SeeInvis .   l - +3 dagger
rCold    . . .     Gourm    .   (no shield)
rNeg     . . .     Faith    .   (helmet restricted)
rPois    +         Spirit   .   y - amulet of Moufogor {Acrobat Fragile +Blink rPois Str+5}
rElec    .         Reflect  .   (no ring)
rCorr    .         Harm     .   (no ring)
MR       .....                  (no ring)
Stlth    +++++.....             (no ring)
HPRegen  0.18/turn              (no ring)
MPRegen  0.16/turn              (no ring)
                                (no ring)
                                (no ring)

@: lethally poisoned (-5 -> -9), vulnerable, flying, very slightly contaminated
A: almost no armour, stealthy swim, amphibious, 8 rings, constrict 8, camouflage
1, gelatinous body 1
a: Evoke Blink


You were on level 9 of the Dungeon.
You were not hungry.

You visited 1 branch of the dungeon, and saw 9 of its levels.

You collected 341 gold pieces.
You spent 176 gold pieces at shops.

Inventory:

Hand Weapons
 a - a +2 short sword of speed
 l - a +3 dagger (weapon)
Missiles
 b - 377 stones (quivered)
Armour
 f - a +0 shield
Jewellery
 y - the amulet of Moufogor (around mantle) {Acrobat Fragile +Blink rPois Str+5}
   (You found it on level 7 of the Dungeon)

   [amulet of the acrobat]

   It helps you evade while moving and waiting.
   It affects your strength (+5).
   It protects you from poison.
   It lets you blink.
   It will be destroyed if unequipped.
Wands
 o - a wand of disintegration (9)
 s - a wand of flame (24)
 x - a wand of clouds (4)
 B - a wand of iceblast (10)
Scrolls
 d - a scroll of vulnerability
 e - 3 scrolls of immolation
 g - 2 scrolls of remove curse
 h - a scroll of summoning {unknown}
 j - 4 scrolls of blinking
 k - 4 scrolls of fog
 n - a scroll of amnesia
 p - a scroll of enchant weapon {unknown}
 q - a scroll of magic mapping {unknown}
 r - 2 scrolls of teleportation {unknown}
 t - a scroll of noise {unknown}
 u - 2 scrolls of enchant armour {unknown}
 w - 3 scrolls of identify
Potions
 i - 3 potions of flight
 v - a potion of lignification {unknown}
 z - a potion of mutation {unknown}
 A - a potion of ambrosia {unknown}
Comestibles
 c - 13 rations


   Skills:
 + Level 5.1 Short Blades
 + Level 5.7 Dodging
 + Level 8.2 Stealth
 + Level 2.5 Shields
 + Level 5.4 Spellcasting
 + Level 5.4 Transmutations
 * Level 8.3 Earth Magic
 - Level 2.0 Evocations


You had 4 spell levels left.
You knew the following spells:

 Your Spells              Type           Power        Failure   Level  Hunger
a - Sandblast             Erth           ####..       1%          1    None
b - Passwall              Tmut/Erth      ####....     1%          2    #......
c - Petrify               Tmut/Erth      ####....     8%          4    ####...
d - Lee's Rapid Deconstr  Erth           ####......   12%         5    ######.
e - Stone Arrow           Conj/Erth      ###...       7%          3    ##.....

Your spell library contained the following spells:

 Spells                   Type           Power        Failure   Level  Hunger
 Freeze                   Ice            #...         13%         1    None
 Ozocubu's Armour         Chrm/Ice       #.......     36%         3    ##.....
 Hailstorm                Conj/Ice       #.......     77%         4    ####...
 Summon Ice Beast         Ice/Summ       #.......     77%         4    ####...


Dungeon Overview and Level Annotations

Branches:
Dungeon (9/15)             Temple (0/1) D:6
   Lair: D:8-11         Orc: D:9-12

Altars:
Cheibriados
Dithmenos
Elyvilon
Hepliaklqana
Makhleb
Nemelex Xobeh
Okawaru
Ru
Sif Muna
Trog
Uskayaw
Vehumet
Yredelemnul

Shops:
D:5 [?*

Annotations:
D:4 2 transporters, topfpfpflanze's ghost, weakling OpCj


Innate Abilities, Weirdness & Mutations

You cannot wear most types of armour.
You are very stealthy in the water. (Stealth+)
You are amphibious.
You can wear up to eight rings at the same time.
You can use your tentacles to constrict eight enemies at once.
Your skin changes colour to match your surroundings (Stealth+).
Your rubbery body absorbs attacks. (AC +1, EV +1)


Message History

Confirm with . or Enter, or press ? or * to list all spells.
Aiming: Passwall (safe; 1% risk of failure)
Press: ? - help, Dir - move target cursor A rock wall.
The killer bee barely misses you.
The queen bee calls on the killer bee to defend it!
The killer bee goes berserk!
You begin to meditate on the wall.
You continue meditating on the rock.
The killer bee stings you!
* * * LOW HITPOINT WARNING * * *
The killer bee misses you. The killer bee stings you!
* * * LOW HITPOINT WARNING * * *
You are poisoned.
The killer bee poisons you!
The killer bee buzzes angrily. x2
You continue meditating on the rock.
* * * LOW HITPOINT WARNING * * *
You feel sick. The killer bee barely misses you. The killer bee misses you.
The queen bee barely misses you. The killer bee stings you!
You die...

..... ## h...### #.##
....#%# #%#.# #
..#.#.#%#.# .##
#.##.#y#y# #..#
#..##.#y# #...#
#..#y##.##....# ...#
#....####.....#
...#######......@yy....#
....§......######y.y#..#
......................#
............y.......###
....................#
....................#
..........####..y.☼.#
..........# #......#
####......# #....†.#


You could see a queen bee and 3 killer bees.

Vanquished Creatures
  A polar bear (D:7)
  A hornet (D:7)
  Prince Ribbit (D:6)
  A hippogriff (D:8)
  A yak (D:7)
  Sigmund (D:4)
  A water moccasin (D:4)
  2 orc warriors
  3 ice beasts
  3 sky beasts
  4 phantoms
  6 ogres
  A wolf (D:8)
  A centaur (D:8)
  A big kobold (D:8)
  A wyvern zombie (D:7)
  A bullfrog (D:6)
  2 scorpions
  8 killer bees (D:9)
  A howler monkey (D:4)
  3 electric eels (D:8)
  2 crimson imps
  An orc priest (D:6)
  2 hounds
  3 orc wizards
  A bullfrog skeleton (D:7)
  2 iguanas
  2 worker ants
  A mummy (D:8)
  2 worker ant zombies
  Robin (D:3)
  A howler monkey zombie (D:8)
  8 adders
  2 hound simulacra (D:8)
  2 shadow imps
  A white imp (D:8)
  2 oozes
  2 adder skeletons
  2 adder zombies (D:5)
  6 worms
  2 dart slugs
  4 leopard geckos
  15 orcs
  2 ball pythons
  6 giant cockroaches
  17 goblins
  7 hobgoblins
  6 jackals (D:2)
  14 kobolds
  4 quokkas
  6 bats
  4 frilled lizards
  A leopard gecko skeleton (D:4)
  A leopard gecko zombie (D:5)
  2 quokka simulacra (D:8)
  A quokka skeleton (D:7)
  7 rats
186 creatures vanquished.

Notes
Turn   | Place    | Note
-------+----------+-------------------------------------------
     0 | D:1      | ANON1729 the Octopode Earth Elementalist began the quest
                  | for the Orb.
     0 | D:1      | Reached XP level 1. HP: 11/11 MP: 3/3
    48 | D:1      | Reached XP level 2. HP: 17/17 MP: 5/5
   206 | D:1      | Learned a level 2 spell: Passwall
   743 | D:1      | Reached XP level 3. HP: 21/21 MP: 6/6
  1066 | D:2      | Reached skill level 1 in Short Blades
  1218 | D:2      | Reached XP level 4. HP: 18/27 MP: 7/7
  1468 | D:2      | Found a burning altar of Makhleb.
  1516 | D:2      | Found an iron altar of Okawaru.
  1517 | D:2      | Found a bloodstained altar of Trog.
  1874 | D:3      | Reached XP level 5. HP: 26/31 MP: 8/8
  1916 | D:3      | Learned a level 4 spell: Petrify
  1979 | D:3      | Found a hide-covered altar of Uskayaw.
  1979 | D:3      | Noticed a -2 hand axe
  1980 | D:3      | Noticed a +0 hand axe
  2428 | D:4      | Found a transporter.
  2430 | D:4      | Found a transporter.
  2530 | D:4      | Noticed Robin
  2782 | D:3      | Killed Robin
  2871 | D:4      | Noticed topfpfpflanze's ghost (weakling OpCj)
  2943 | D:4      | Noticed a water moccasin
  2956 | D:4      | Killed a water moccasin
  2956 | D:4      | Reached XP level 6. HP: 3/36 MP: 7/10
  3326 | D:4      | Found a radiant altar of Vehumet.
  3328 | D:4      | Noticed Sigmund
  3342 | D:4      | Killed Sigmund
  3342 | D:4      | Reached XP level 7. HP: 30/41 MP: 7/11
  3402 | D:4      | Reached skill level 5 in Earth Magic
  3542 | D:4      | Found a sparkling altar of Nemelex Xobeh.
  3578 | D:4      | Reached skill level 5 in Stealth
  3783 | D:4      | Found a shimmering blue altar of Sif Muna.
  4030 | D:5      | Entered Level 5 of the Dungeon
  4038 | D:5      | Found Quohew's Magic Scroll Emporium.
  4045 | D:5      | Bought a scroll of blinking for 75 gold pieces
  4045 | D:5      | Bought a scroll of identify for 20 gold pieces
  4366 | D:5      | Found a sacrificial altar of Ru.
  4373 | D:5      | You fall into a shaft and drop 1 floor!
  4571 | D:6      | Found a staircase to the Ecumenical Temple.
  4586 | D:6      | Noticed Prince Ribbit
  4602 | D:6      | Killed Prince Ribbit
  4602 | D:6      | Reached XP level 8. HP: 39/46 MP: 5/13
  5240 | D:6      | Found a basalt altar of Yredelemnul.
  5927 | D:5      | Found Siaboss's Assorted Antiques.
  5932 | D:5      | Bought a scroll labeled PASSIE XOBE for 27 gold pieces
  5932 | D:5      | Bought 2 scrolls labeled WUDEF GIQUEME for 54 gold pieces
  6038 | D:5      | Found Zuras's Armour Shop.
  6474 | D:6      | Reached XP level 9. HP: 32/51 MP: 2/15
  6481 | D:6      | Learned a level 5 spell: Lee's Rapid Deconstruction
  6942 | D:6      | Found a hazy altar of Hepliaklqana.
  7301 | D:7      | Found a white marble altar of Elyvilon.
  7344 | D:7      | Got a coiled jade amulet
  7345 | D:7      | Identified the amulet of Moufogor {Acrobat Fragile +Blink
                  | rPois Str+5} (You found it on level 7 of the Dungeon)
  7776 | D:8      | Reached skill level 5 in Dodging
  7776 | D:8      | Reached skill level 1 in Evocations
  7785 | D:8      | Reached skill level 1 in Shields
  7820 | D:8      | Noticed a hornet
  7822 | D:8      | Noticed a polar bear
  7832 | D:7      | Killed a hornet
  7942 | D:7      | Killed a polar bear
  8125 | D:7      | Reached skill level 5 in Spellcasting
  8152 | D:7      | Learned a level 3 spell: Stone Arrow
  8176 | D:8      | Reached XP level 10. HP: 34/56 MP: 9/17
  8179 | D:7      | Reached skill level 5 in Transmutations
  8588 | D:7      | Reached skill level 5 in Short Blades
  9563 | D:8      | Found a snail-covered altar of Cheibriados.
  9637 | D:8      | Found a shadowy altar of Dithmenos.
  9804 | D:9      | Slain by a killer bee

Levels and vault maps discovered:
D:1:      dpeg_arrival_arbitrary_c, layout_loops_ring
D:2:      layout_basic, gammafunk_temple_overflow_statue, makhleb_grotto_becter
D:3:      layout_basic, dancing_weapons_uskayaw, kennysheep_generic_room_13
D:4:      layout_loops_ring, nemelex_xobeh_ov_fountains_minmay, kennysheep_mini,
          gammafunk_ghost_mausoleum, vehumet_altar_wand_db, uniq_robin,
          uniq_sigmund
D:5:      layout_loops_ring, nicolae_ru_sacrificial_ziggurat, serial_shops,
          nicolae_shop_waterfront, kennysheep_little_box, nicolae_shop_crystal,
          first_ration
D:6:      layout_basic, nicolae_overflow_hidden_temple,
          yredelemnul_altar_generic, minmay_temple_entry_from_below_a,
          grunt_ministairs_9, dk_noncrumbling_4, uniq_prince_ribbit1
D:7:      layout_rooms, lemuel_round_altar
D:8:      layout_basic, slow_altar_2, grunt_dithmenos_smoke_and_mirrors,
          serial_ice, serial_ice_j, serial_ice_d, serial_ice_h, serial_ice_m
D:9:      minmay_general_purpose_star, layout_irregular_city, serial_shops,
          shop, david_nohive_1, uniq_gastronok

Skill      XL: |  1  2  3  4  5  6  7  8  9 10 |
---------------+-------------------------------+-----
Stealth        | 3 4 5 6 7 8 |  8.2
Short Blades   | 1 2 3 4 5 |  5.1
Earth Magic    | 4 5 6 7 8 |  8.3
Transmutations | 2 3 4 5 |  5.4
Dodging        | 3 4 5 |  5.7
Spellcasting   | 3 4 5 |  5.4
Evocations     | 2 |  2.0
Shields        | 1 2 |  2.5

Action                   |  1- 3 |  4- 6 |  7- 9 | 10-12 || total
-------------------------+-------+-------+-------+-------++-------
Melee: Short sword       |    71 |   141 |   156 |       ||   368
       Constrict         |    17 |    36 |    34 |     6 ||    93
       Tentacles         |    14 |    21 |    33 |    10 ||    78
       Dagger            |       |       |    42 |    30 ||    72
Throw: Stone             |       |       |     3 |       ||     3
 Cast: Sandblast         |       |     6 |    41 |    36 ||    83
       Petrify           |       |       |    20 |     9 ||    29
       Passwall          |       |       |     2 |     2 ||     4
       Lee's Rapid Decon |       |       |     1 |     6 ||     7
Evoke: Wand              |       |       |     1 |     4 ||     5
  Use: Scroll            |       |       |     9 |     2 ||    11
       Potion            |       |       |       |     3 ||     3
 Stab: Sleeping          |     7 |     8 |    16 |     3 ||    34
       Petrified         |       |       |    29 |     2 ||    31
       Distracted        |       |       |     1 |       ||     1
       Confused          |       |       |       |     1 ||     1
  Eat: Chunk             |     1 |     6 |    11 |     2 ||    20
       Ration            |       |       |     3 |     2 ||     5
Armor: Skin              |     3 |     8 |     4 |     1 ||    16
Dodge: Dodged            |    25 |    65 |    98 |    82 ||   270

Table legend:
 A = Non-vault XP
 B = Vault XP
 C = Vault XP percentage of total XP
 D = Non-vault monster count
 E = Vault monster count
 F = Vault count percentage of total count
                 A         B        C        D         E       F
            +---------+---------+-------+---------+---------+-------
      Total |    4305 |    1982 |  31.5 |     149 |      37 |  19.9
            +---------+---------+-------+---------+---------+-------
        D:1 |      34 |       0 |   0.0 |      16 |       0 |   0.0
        D:2 |      81 |      46 |  36.2 |      27 |       1 |   3.6
        D:3 |      40 |      16 |  28.6 |      16 |       2 |  11.1
        D:4 |     633 |     236 |  27.2 |      18 |      14 |  43.8
        D:5 |     169 |       0 |   0.0 |      15 |       0 |   0.0
        D:6 |     852 |     380 |  30.8 |      12 |       2 |  14.3
        D:7 |    1183 |     502 |  29.8 |      18 |       2 |  10.0
        D:8 |    1209 |     296 |  19.7 |      24 |       8 |  25.0
        D:9 |     104 |     506 |  83.0 |       3 |       8 |  72.7
            +---------+---------+-------+---------+---------+-------
